 Dungeon Crawl Stone Soup version 0.23.2-1-ga50397a6bc (webtiles) character file.

Game seed: 14883030052811973959

7146 Peloso the Carver (level 10, -11/90 HPs)
             Began as a Minotaur Fighter on May 12, 2019.
             Was a High Priest of Okawaru.
             Killed by divine providence
             ... invoked by an orc high priest
              (15 damage)
             ... on level 10 of the Dungeon.
             The game lasted 00:18:48 (8966 turns).

Peloso the Carver (Minotaur Fighter)                Turns: 8966, Time: 00:18:49

Health: -11/90     AC: 18    Str: 23    XL:     10   Next: 85%
Magic:  8/9        EV: 10    Int:  5    God:    Okawaru [*****.]
Gold:   659        SH: 16    Dex: 11    Spells: 9/9 levels left

rFire    + . .     SeeInvis +   a - +0 long sword
rCold    . . .     Gourm    .   c - +0 shield
rNeg     . . .     Faith    .   s - +0 plate armour
rPois    .         Spirit   .   (helmet restricted)
rElec    .         Reflect  +   E - scarf {cloud immunity}
rCorr    .         Harm     .   A - -1 pair of gloves "Dozxexil" {rF+ Slay+4}
MR       .....                  m - +0 pair of boots
Stlth    ..........             B - +2 amulet of reflection
HPRegen  0.25/turn              D - ring of see invisible
MPRegen  0.11/turn              (no ring)

@: heroism, lightly drained
A: retaliatory headbutt, horns 2
a: Heroism, Finesse, Renounce Religion


You were on level 10 of the Dungeon.
You worshipped Okawaru.
Okawaru was extremely pleased with you.
You were not hungry.

You visited 1 branch of the dungeon, and saw 10 of its levels.

You collected 659 gold pieces.

Inventory:

Hand Weapons
 a - a +0 long sword (weapon)
Armour
 b - a +0 scale mail
 c - a +0 shield (worn)
 g - a +2 pair of gloves
 m - a +0 pair of boots (worn)
 s - a +0 plate armour (worn)
 A - the -1 pair of gloves "Dozxexil" (worn) {rF+ Slay+4}
   (You found it on level 7 of the Dungeon)

   It affects your accuracy and damage with ranged weapons and melee attacks
   (+4).
   It protects you from fire.
 E - a scarf of cloud immunity (worn)
Jewellery
 B - a +2 amulet of reflection (around neck)
 D - a ring of see invisible (left hand)
Wands
 r - a wand of disintegration (21)
 y - a wand of iceblast (11)
Scrolls
 e - a scroll of fog {unknown}
 h - a scroll of enchant armour {unknown}
 i - 2 scrolls of random uselessness {unknown}
 j - a scroll of noise {unknown}
 k - 4 scrolls of amnesia {unknown}
 l - a scroll of immolation {unknown}
 n - 7 scrolls of teleportation {unknown}
 u - 3 scrolls of magic mapping {unknown}
 w - 2 scrolls of enchant weapon {unknown}
 x - 3 scrolls of remove curse {unknown}
 C - 5 scrolls of identify
Potions
 d - 3 potions of might
 o - a potion of invisibility
 p - 5 potions of haste
 q - 2 potions of mutation
 t - 4 potions of cancellation
 v - 2 potions of flight
 z - a potion of brilliance
 F - a potion of resistance {unknown}
 G - 2 potions of curing
Comestibles
 f - 13 rations
 H - 2 chunks of flesh


   Skills:
 + Level 8.7(13.3) Fighting
 + Level 11.5(16.1) Long Blades
 + Level 9.2(13.8) Armour
 + Level 3.1(7.8) Dodging
 + Level 1.8(6.5) Stealth
 + Level 11.1(15.7) Shields
 + Level 1.2(1.0) Invocations
 + Level 0.1(0.0) Evocations


You had 9 spell levels left.
You didn't know any spells.
Your spell library contained the following spells:

 Spells                   Type           Power        Failure   Level  Hunger
 Animate Skeleton         Necr           N/A          99%         1    ##.....
 Apportation              Tloc           #.....       99%         1    ##.....
 Confusing Touch          Hex            #.....       99%         1    ##.....
 Flame Tongue             Conj/Fire      #....        99%         1    ##.....
 Magic Dart               Conj           #...         99%         1    ##.....
 Sandblast                Erth           #.....       99%         1    ##.....
 Shock                    Conj/Air       #...         99%         1    ##.....
 Summon Small Mammal      Summ           #...         99%         1    ##.....
 Blink                    Tloc           N/A          100%        2    ###....
 Call Imp                 Summ           #.......     100%        2    ###....
 Passwall                 Tmut/Erth      #.......     100%        2    ###....
 Slow                     Hex            #.......     100%        2    ###....
 Swiftness                Chrm/Air       #.......     100%        2    ###....
 Throw Flame              Conj/Fire      #.....       100%        2    ###....
 Conjure Flame            Conj/Fire      #.......     100%        3    ####...
 Inner Flame              Hex/Fire       #.......     100%        3    ####...
 Mephitic Cloud           Conj/Pois/Air  #.......     100%        3    ####...
 Static Discharge         Conj/Air       #.......     100%        3    ####...
 Stone Arrow              Conj/Erth      #.....       100%        3    ####...
 Airstrike                Air            #.........   100%        4    #####..
 Petrify                  Tmut/Erth      #.......     100%        4    #####..
 Sticky Flame             Conj/Fire      #.......     100%        4    #####..
 Bolt of Magma            Conj/Fire/Erth #.........   100%        5    ######.
 Fireball                 Conj/Fire      #.........   100%        5    ######.
 Iskenderun's Battlesphe  Conj/Chrm      #.......     100%        5    ######.
 Lee's Rapid Deconstruct  Erth           #.........   100%        5    ######.
 Lightning Bolt           Conj/Air       #.........   100%        5    ######.
 Venom Bolt               Conj/Pois      #.........   100%        5    ######.
 Iron Shot                Conj/Erth      #.........   100%        6    #######
 Orb of Destruction       Conj           #.........   100%        7    #######
 Spellforged Servitor     Conj/Summ      #.........   100%        7    #######


Dungeon Overview and Level Annotations

Branches:
Dungeon (10/15)            Temple (0/1) D:4            Lair (0/6) D:10
    Orc: D:9-12

Altars:
Ashenzari
Dithmenos
Gozag
Kikubaaqudgha
Makhleb
Nemelex Xobeh
Okawaru
Qazlal
Ru
Trog
Uskayaw
Vehumet
Xom
Zin

Shops:
D:8 *

Annotations:
D:5 3 runed translucent doors, Sondor's ghost, novice DDHu


Innate Abilities, Weirdness & Mutations

You reflexively headbutt those who attack you in melee.
You have a pair of horns on your head.


Message History

The soul eater is moderately wounded.
The yaktaur captain hits you but does no damage.
You block the orc high priest's attack.
You hit the orc high priest. You headbutt the orc high priest.
The orc high priest is severely wounded.
The hellwing hits you!
* * * LOW HITPOINT WARNING * * *
You block the hellwing's attack.
The hellwing hits you but does no damage. x2
The orc sorcerer hits you but does no damage.
You slash the orc high priest!
The orc high priest is almost dead.
The soul eater hits you.
* * * LOW HITPOINT WARNING * * *
You feel drained. The yaktaur captain hits you!
* * * LOW HITPOINT WARNING * * *
The orc high priest shouts noisily.
The orc high priest calls down the wrath of Beogh upon you.
Beogh smites you!
You die...

#...#
#.........
#...#
#####.......
#...##
#........###
##..##$
#........##.
#.)###.#######
#...........
#..#.##......#
###.........
##)'..##...s.#
#.........
#.#...# #4co#
###.......
####)#####@##
#.......
#......o43#
#.....##
###.......#
##(...##
####....#
#.....# ######
#.....##
#......#
##.....#
#.....#
#.....#


You could see a yaktaur captain, a soul eater, an orc high priest, 2 hellwings,
an orc sorcerer and a redback.

Vanquished Creatures
  Harold (D:7)
  A centaur warrior (D:10)
  2 two-headed ogres
  A gargoyle (D:10)
  A tengu conjurer (D:10)
  A hippogriff (D:8)
  2 wraiths (D:10)
  A shadow (D:10)
  A hungry ghost (D:10)
  4 sky beasts
  An orc warrior (D:6)
  2 ice beasts
  2 ogres
  3 black bears
  A phantom (D:10)
  5 centaurs
  2 bullfrogs
  2 scorpions
  A howler monkey (D:5)
  3 crimson imps
  3 bullfrog skeletons
  6 orc priests
  3 hounds
  3 jellies
  A centaur skeleton (D:4)
  Jessica (D:2)
  7 iguanas
  11 orc wizards
  6 worker ants
  3 gnolls (D:5)
  8 adders
  2 shadow imps
  2 dart slugs
  2 worms (D:3)
  2 leopard geckos
  34 orcs
  4 giant cockroaches
  8 goblins
  6 hobgoblins
  A jackal (D:3)
  10 kobolds
  8 quokkas
  2 ball pythons
  16 bats
  5 frilled lizards (D:2)
  A jackal skeleton (D:4)
  3 leopard gecko skeletons
  10 rats
205 creatures vanquished.

Notes
Turn   | Place    | Note
-------+----------+-------------------------------------------
     0 | D:1      | Peloso the Minotaur Fighter began the quest for the Orb.
     0 | D:1      | Reached XP level 1. HP: 19/19 MP: 0/0
   207 | D:1      | Reached XP level 2. HP: 27/27 MP: 1/1
   220 | D:1      | Found a shimmering altar of Xom.
   911 | D:2      | Reached XP level 3. HP: 33/33 MP: 2/2
  1142 | D:2      | Found a bloodstained altar of Trog.
  1344 | D:2      | Noticed Jessica
  1350 | D:2      | Reached XP level 4. HP: 35/41 MP: 3/3
  1361 | D:2      | Killed Jessica
  1776 | D:3      | Found a sparkling altar of Nemelex Xobeh.
  2138 | D:3      | Reached XP level 5. HP: 47/47 MP: 4/4
  2688 | D:4      | Noticed an ogre
  3058 | D:4      | Found an iron altar of Okawaru.
  3061 | D:4      | Became a worshipper of Warmaster Okawaru
  3114 | D:4      | Reached skill level 5 in Armour
  3186 | D:4      | Found a staircase to the Ecumenical Temple.
  3187 | D:4      | Noticed a sky beast
  3204 | D:4      | Killed a sky beast
  3204 | D:4      | Reached skill level 5 in Shields
  3204 | D:4      | Reached XP level 6. HP: 46/53 MP: 5/5
  3211 | D:4      | Reached skill level 5 in Long Blades
  3317 | D:4      | Reached * piety under Okawaru
  3631 | D:5      | Entered Level 5 of the Dungeon
  3653 | D:5      | Found a hide-covered altar of Uskayaw.
  3693 | D:5      | Found a runed translucent gate.
  3693 | D:5      | Found a runed translucent gate.
  3696 | D:5      | Noticed Sondor's ghost (novice DDHu)
  3697 | D:5      | Found a runed translucent gate.
  3722 | D:5      | Reached XP level 7. HP: 60/60 MP: 6/6
  3828 | D:5      | Reached skill level 5 in Fighting
  4157 | D:5      | Reached ** piety under Okawaru
  4217 | D:5      | HP: 2/61 [ice beast (11)]
  5072 | D:6      | Reached XP level 8. HP: 69/69 MP: 7/7
  5344 | D:6      | Found an ancient bone altar of Kikubaaqudgha.
  5344 | D:6      | Found a radiant altar of Vehumet.
  5444 | D:6      | Reached skill level 1 in Dodging
  5590 | D:6      | Found a stormy altar of Qazlal.
  5632 | D:6      | Reached *** piety under Okawaru
  5876 | D:6      | Found a burning altar of Makhleb.
  5878 | D:6      | Noticed a blizzard demon
  6037 | D:6      | Found a shadowy altar of Dithmenos.
  6039 | D:6      | Found a faded altar of an unknown god.
  6041 | D:6      | Found a sacrificial altar of Ru.
  6334 | D:7      | Got a pair of blackened gloves
  6345 | D:7      | Identified the -1 pair of gloves "Dozxexil" {rF+ Slay+4}
                  | (You found it on level 7 of the Dungeon)
  6386 | D:7      | Reached XP level 9. HP: 56/77 MP: 8/8
  6604 | D:7      | Noticed Harold
  6622 | D:7      | Killed Harold
  6622 | D:7      | Reached **** piety under Okawaru
  6622 | D:7      | Reached skill level 10 in Long Blades
  6622 | D:7      | Reached skill level 1 in Stealth
  6622 | D:7      | Reached skill level 1 in Invocations
  6668 | D:7      | Found a glowing silver altar of Zin.
  6867 | D:8      | Found a bloodstained altar of Trog.
  7144 | D:8      | Found an opulent altar of Gozag.
  7247 | D:8      | Found Gozag's Platinum Reserve.
  7730 | D:9      | Found a shattered altar of Ashenzari.
  8240 | D:10     | Entered Level 10 of the Dungeon
  8299 | D:10     | Found a staircase to the Lair.
  8315 | D:10     | Reached XP level 10. HP: 88/88 MP: 9/9
  8342 | D:10     | Reached ***** piety under Okawaru
  8444 | D:10     | Noticed a two-headed ogre
  8475 | D:9      | Killed a two-headed ogre
  8475 | D:9      | Received a gift from Okawaru
  8587 | D:10     | Reached skill level 10 in Shields
  8635 | D:10     | Noticed a gargoyle
  8643 | D:10     | Killed a gargoyle
  8653 | D:10     | Noticed a two-headed ogre
  8662 | D:10     | Killed a two-headed ogre
  8911 | D:10     | Noticed a centaur warrior
  8926 | D:10     | Killed a centaur warrior
  8941 | D:10     | Reached ****** piety under Okawaru
  8951 | D:10     | Noticed an orc sorcerer
  8951 | D:10     | Noticed an orc high priest
  8951 | D:10     | Noticed a yaktaur captain
  8959 | D:10     | Noticed a soul eater
  8966 | D:10     | HP: 4/90 [yaktaur captain (9)]
  8966 | D:10     | Killed from afar by an orc high priest

Skill      XL: |  1  2  3  4  5  6  7  8  9 10 |
---------------+-------------------------------+-----
Armour         | 4 5 6 7 9 |  9.2
Fighting       | 4 5 6 8 |  8.7
Long Blades    | 3 4 5 7 9 10 11 | 11.5
Shields        | 4 5 6 7 9 11 | 11.1
Dodging        | 1 2 3 |  3.1
Stealth        | 1 |  1.8
Invocations    | 1 |  1.2
Evocations     | |  0.1

Action                   |  1- 3 |  4- 6 |  7- 9 | 10-12 || total
-------------------------+-------+-------+-------+-------++-------
Melee: Long sword        |    82 |   168 |   383 |    84 ||   717
       Headbutt          |    11 |    33 |    78 |    26 ||   148
Invok: Heroism           |       |       |     3 |     3 ||     6
Evoke: Wand              |       |     2 |       |       ||     2
  Use: Scroll            |       |     3 |     4 |       ||     7
       Potion            |       |       |     1 |       ||     1
 Stab: Held in net/web   |       |       |     3 |       ||     3
  Eat: Chunk             |     1 |     4 |    10 |     3 ||    18
       Ration            |       |     1 |     2 |       ||     3
Armor: Chain mail        |    48 |       |       |       ||    48
       Scale mail        |     2 |       |       |       ||     2
       Plate armour      |     5 |   136 |   172 |    31 ||   344
Dodge: Dodged            |    20 |    28 |    74 |    30 ||   152
Block: Shield            |    49 |   103 |   203 |    63 ||   418
       Reflection        |       |       |     5 |     2 ||     7
       Rpst.: Long sword |     7 |     7 |    18 |     7 ||    39
